 Dungeon Sprint DCSS version 0.24-a0-93-ge1bfdf8443 (webtiles) character file.

Game seed: 4347501316267042764

392 Denreik the Magician (level 6, 0/50 HPs)
             Began as a Gnoll Earth Elementalist on Feb 10, 2019.
             Slain by a crimson imp (1 damage)
             ... summoned by a neqoxec
             ... in the Dungeon (Sprint II: "The Violet Keep of Menkaure").
             The game lasted 00:01:24 (34 turns).

Denreik the Magician (Gnoll Earth Elementalist)       Turns: 34, Time: 00:01:25

Health: 0/50       AC:  1    Str: 10    XL:     6   Next: 81%
Magic:  10/16      EV: 17    Int: 17    God:
Gold:   0          SH:  0    Dex: 18    Spells: 18/19 levels left

rFire    . . .     SeeInvis .     - Unarmed
rCold    . . .     Gourm    .   (no shield)
rNeg     . . .     Faith    .   c - +0 robe
rPois    .         Spirit   .   (no helmet)
rElec    .         Reflect  .   (no cloak)
rCorr    .         Harm     .   (no gloves)
MR       .....     NoTele   +   (no boots)
Stlth    ++++......             (no amulet)
HPRegen  0.16/turn              (no ring)
MPRegen  0.15/turn              (no ring)

@: no status effects
A: distributed training, fangs 1, deformed body, deterioration 1, strong nose
a: no special abilities


You were in the Dungeon.
You were not hungry.

You visited 1 branch

Inventory:

Missiles
 b - 3 stones (quivered)
Armour
 c - a +0 robe (worn)
Scrolls
 j - a scroll of blinking
Potions
 e - a potion of curing
 g - a potion of haste
 i - a potion of berserk rage
Comestibles
 d - a ration


   Skills:
 + Level 4.8 Fighting
 + Level 4.8 Short Blades
 + Level 4.8 Long Blades
 + Level 4.8 Axes
 + Level 4.8 Maces & Flails
 + Level 4.8 Polearms
 + Level 4.8 Staves
 + Level 4.8 Slings
 + Level 4.8 Bows
 + Level 4.8 Crossbows
 + Level 4.8 Throwing
 + Level 4.8 Armour
 + Level 6.7 Dodging
 + Level 6.5 Stealth
 + Level 4.8 Shields
 + Level 4.8 Unarmed Combat
 + Level 7.0 Spellcasting
 + Level 4.0 Conjurations
 + Level 4.0 Hexes
 + Level 4.0 Charms
 + Level 4.0 Summonings
 + Level 4.0 Necromancy
 + Level 4.0 Translocations
 + Level 4.6 Transmutations
 + Level 4.0 Fire Magic
 + Level 4.0 Ice Magic
 + Level 4.0 Air Magic
 + Level 6.8 Earth Magic
 + Level 4.0 Poison Magic
 + Level 5.3 Invocations
 + Level 4.8 Evocations


You had 18 spell levels left.
You knew the following spells:

 Your Spells              Type           Power        Failure   Level  Hunger
a - Sandblast             Erth           ####..       1%          1    None

Your spell library contained the following spells:

 Spells                   Type           Power        Failure   Level  Hunger
 Passwall                 Tmut/Erth      ####....     1%          2    None
 Stone Arrow              Conj/Erth      ###...       3%          3    ##.....
 Petrify                  Tmut/Erth      ####....     11%         4    ####...
 Lee's Rapid Deconstruct  Erth           ####......   19%         5    #####..


Dungeon Overview and Level Annotations

Branches:
Dungeon (1/1)

Altars:


Innate Abilities, Weirdness & Mutations

Your experience applies equally to all skills.
You have very sharp teeth.
Your uncanny sense of smell can sniff out nearby items.
Armour fits poorly on your strangely shaped body.
Your body sometimes deteriorates upon taking damage.


Message History

Casting: Sandblast (safe; 1% risk of failure)
Confirm with . or Enter, or press ? or * to list all spells.
Aiming: Sandblast (safe; 1% risk of failure)
Press: ? - help, Shift-Dir - straight line, f/p - neqoxec
Aim: a neqoxec The blast of sand hits the iron imp!
You kill the iron imp!
b - 4 stones The crimson imp blinks!
The crimson imp hits you.
* * * LOW HITPOINT WARNING * * *
Casting: Sandblast (safe; 1% risk of failure)
Confirm with . or Enter, or press ? or * to list all spells.
Aiming: Sandblast (safe; 1% risk of failure)
Press: ? - help, Shift-Dir - straight line, f/p - neqoxec
Aim: a neqoxec The blast of sand hits the neqoxec!
The neqoxec is heavily wounded.
b - 3 stones The crimson imp hits you.
You die...

∆ ∆ ### ##
..##. §$.
# #3# .##
##@##...#
+55.+$#
∆##.##.m.#
#+# .## #
∆ ∆


You could see a neqoxec and 2 crimson imps.

Vanquished Creatures
  3 neqoxecs (D)
3 creatures vanquished.

Notes
Turn   | Place    | Note
-------+----------+-------------------------------------------
     0 | D        | Denreik the Gnoll Earth Elementalist began the quest for
                  | the Orb.
     0 | D        | Reached XP level 1. HP: 13/13 MP: 6/6
     1 | D        | Noticed a merfolk siren
     4 | D        | Noticed a neqoxec
     4 | D        | Noticed a neqoxec
     4 | D        | Noticed a neqoxec
     4 | D        | Noticed a neqoxec
     7 | D        | Noticed a quasit
     9 | D        | Killed a neqoxec
     9 | D        | Reached skill level 5 in Dodging
     9 | D        | Reached skill level 5 in Stealth
     9 | D        | Reached skill level 6 in Spellcasting
     9 | D        | Reached XP level 2. HP: 24/24 MP: 1/9
     9 | D        | Reached XP level 3. HP: 29/29 MP: 1/10
     9 | D        | Reached XP level 4. HP: 35/35 MP: 1/12
     9 | D        | Reached XP level 5. HP: 41/41 MP: 1/13
    13 | D        | Gained mutation: Your body sometimes deteriorates upon
                  | taking damage. [a neqoxec]
    19 | D        | Killed a neqoxec
    19 | D        | Reached XP level 6. HP: 8/48 MP: 6/15
    29 | D        | Gained mutation: Armour fits poorly on your strangely
                  | shaped body. [a neqoxec]
    30 | D        | HP: 2/48 [neqoxec (7)]
    31 | D        | Killed a neqoxec
    31 | D        | Reached skill level 7 in Spellcasting
    31 | D        | Reached skill level 5 in Invocations
    34 | D        | Slain by a crimson imp

Levels and vault maps discovered:
D:        the_violet_keep_of_menkaure [sprint2_stairs_cluster_1,
          sprint2_shoproom, sprint2_temple, sprint2_basic_supplies,
          sprint2_obstacle_4, sprint2_obstacle_3, sprint2_obstacle_6,
          sprint2_obstacle_1, sprint2_obstacle_5, sprint2_timed_cluster_1,
          sprint2_smallroom_cluster_1, sprint2_smallroom_final_cluster_1,
          sprint2_transparent_cluster_1, sprint2_second_timed_cluster_1,
          sprint2_sniper_area_1, sprint2_heavy_combat_area_1,
          sprint2_mutation_trap_area_1, sprint2_forest_area_1,
          sprint2_light_combat_area_1, sprint2_behind_water_1,
          sprint2_near_end_vault_1]

Skill      XL: |  1  2  3  4  5  6 |
---------------+-------------------+-----
Fighting       | 3 4 |  4.8
Short Blades   | 3 4 |  4.8
Long Blades    | 3 4 |  4.8
Axes           | 3 4 |  4.8
Maces & Flails | 3 4 |  4.8
Polearms       | 3 4 |  4.8
Staves         | 3 4 |  4.8
Slings         | 3 4 |  4.8
Bows           | 3 4 |  4.8
Crossbows      | 3 4 |  4.8
Throwing       | 3 4 |  4.8
Armour         | 3 4 |  4.8
Dodging        | 5 6 |  6.7
Stealth        | 5 6 |  6.5
Shields        | 3 4 |  4.8
Unarmed Combat | 3 4 |  4.8
Spellcasting   | 6 7 |  7.0
Conjurations   | 2 3 4 |  4.0
Hexes          | 2 3 4 |  4.0
Charms         | 2 3 4 |  4.0
Summonings     | 2 3 4 |  4.0
Necromancy     | 2 3 4 |  4.0
Translocations | 2 3 4 |  4.0
Transmutations | 3 4 |  4.6
Fire Magic     | 2 3 4 |  4.0
Ice Magic      | 2 3 4 |  4.0
Air Magic      | 2 3 4 |  4.0
Earth Magic    | 6 |  6.8
Poison Magic   | 2 3 4 |  4.0
Invocations    | 3 4 5 |  5.3
Evocations     | 3 4 |  4.8

Action                   |  1- 3 |  4- 6 || total
-------------------------+-------+-------++-------
 Cast: Sandblast         |     4 |    23 ||    27
  Use: Potion            |       |     3 ||     3
Armor: Robe              |       |     2 ||     2
Dodge: Dodged            |     4 |    17 ||    21

Table legend:
 A = Non-vault XP
 B = Vault XP
 C = Vault XP percentage of total XP
 D = Non-vault monster count
 E = Vault monster count
 F = Vault count percentage of total count
                 A         B        C        D         E       F
            +---------+---------+-------+---------+---------+-------
      Total |       0 |     561 | 100.0 |       0 |       3 | 100.0
            +---------+---------+-------+---------+---------+-------
          D |       0 |     561 | 100.0 |       0 |       3 | 100.0
            +---------+---------+-------+---------+---------+-------
